 Dungeon Crawl Stone Soup version 0.29-a0-334-gb41bcbb86e (webtiles) character file.

Game seed: 426940257628074074

135 experimilk the Cudgeller (level 4, -1/37 HPs)
             Began as a Palentonga Fighter on Apr 14, 2022.
             Slain by Menkaure (21 damage)
             ... on level 4 of the Dungeon.
             The game lasted 00:06:37 (3629 turns).

experimilk the Cudgeller (Palentonga Fighter)       Turns: 3629, Time: 00:06:37

Health: -1/37      AC:  6    Str: 21    XL:     4   Next: 97%
Magic:  4/4        EV:  8    Int:  9    God:
Gold:   71         SH:  4    Dex:  9    Spells: 3/3 levels left

rFire   + . .      SeeInvis +   a - +0 flail
rCold   . . .      Faith    .   c - +0 buckler
rNeg    . . .      Spirit   .   w - +2 leather armour {rF+}
rPois   .          Reflect  .   (no helmet)
rElec   .          Harm     .   t - scarf {shadows}
rCorr   .          Rampage  .   (no gloves)
Will    .....                   (no barding)
Stlth   +.........              (no amulet)
HPRegen 0.12/turn               (no ring)
MPRegen 0.09/turn               (no ring)

@: no status effects
A: large, rugged brown scales 3, see invisible, deformed body, roll 1, armoured
tail
a: Rolling Charge


You were on level 4 of the Dungeon.
You visited 1 branch of the dungeon, and saw 4 of its levels.

You collected 71 gold pieces.

Inventory:

Hand Weapons
 a - a +0 flail (weapon)
Missiles
 x - 4 javelins (quivered)
Armour
 c - a +0 buckler (worn)
 o - a +0 chain mail
 r - a +0 ring mail
 t - a scarf of shadows (worn)
 w - a +2 leather armour of fire resistance (worn)
Jewellery
 e - a ring of fire
Wands
 v - a wand of polymorph (6)
Scrolls
 b - a scroll of teleportation {unknown}
 d - a scroll of vulnerability {unknown}
 f - a scroll of enchant armour {unknown}
 k - a scroll of torment {unknown}
 m - a scroll of blinking {unknown}
 n - a scroll of amnesia {unknown}
 p - a scroll of noise {unknown}
 q - a scroll of fear {unknown}
 s - a scroll of silence {unknown}
 u - a scroll of enchant weapon {unknown}
Potions
 g - 3 potions of brilliance
 h - 2 potions of attraction
 i - 2 potions of heal wounds
 j - a potion of curing
 l - a potion of cancellation {unknown}


   Skills:
 - Level 3.0 Fighting
 + Level 5.2 Maces & Flails
 - Level 2.4 Armour
 - Level 2.4 Shields


You had 3 spell levels left.
You didn't know any spells.
Your spell library was empty.

Dungeon Overview and Level Annotations

Branches:
Dungeon (4/15)
 Temple: D:4-7

Altars:
Sif Muna
Xom
The Shining One

Annotations:
D:4 Menkaure


Innate Abilities, Weirdness & Mutations

You are completely covered in rugged brown scales. (AC +3, +7% HP)
You have supernaturally acute eyesight. (SInv)
Armour fits poorly on your strangely shaped body.
You can roll at nearby foes to attack.
You have a long armoured tail.


Message History

There is a stone staircase leading up here.
Throw: 6 javelins
Press: ? - help, Q - select action, (/) - cycle Shift-Dir - straight line, f - endoplasm
Aim: an endoplasm (84% to hit)
You throw a javelin.
The javelin completely misses the endoplasm.
Throw: 5 javelins
Press: ? - help, Q - select action, (/) - cycle Shift-Dir - straight line, f/p - endoplasm
Aim: an endoplasm (84% to hit)
You throw a javelin.
The javelin pierces through the endoplasm!
You kill the endoplasm!
You climb upwards.
There is a stone staircase leading down here.
There is a stone staircase leading down here.
You climb downwards.
There is a stone staircase leading up here.
You climb upwards.
There is a stone staircase leading down here.
There is a stone staircase leading down here.
You climb downwards.
Found a long copper wand and 11 gold pieces.
There is a stone staircase leading up here.
Roll where?
Press: ? - help, Dir - move target, f - Menkaure
Aim: Menkaure You roll forward with a clatter of scales!
You hit Menkaure. You tail-slap Menkaure.
Menkaure is moderately damaged.
You hear an angry hiss.
Menkaure calls on the powers of darkness!
Your body is wracked with pain!
You sock Menkaure!
Menkaure is severely damaged.
Menkaure barely misses you.
You barely miss Menkaure.
Menkaure is severely damaged.
Menkaure hits you!!
Ouch! That really hurt!
You die...

........##.#.......
...................
.....$.....(...... ##
...........<......
#..###.................
.....#.##.............#
....#.°...............#
.......#..#............
......@...............#
.#....M................
##...#...... #/..
.##... ##.$ .# ... ###
.# . ..


You could see Menkaure.

Vanquished Creatures
  Ijyb (D:3)
  4 adders
  2 dart slugs
  3 orcs (D:3)
  9 endoplasms
  4 giant cockroaches
  7 hobgoblins
  4 jackals
  3 quokkas (D:1)
  7 ball pythons
  6 bats
  A frilled lizard (D:3)
  3 goblins (D:1)
  3 kobolds
  8 rats
65 creatures vanquished.

Notes
Turn   | Place    | Note
-------+----------+-------------------------------------------
     0 | D:1      | experimilk the Palentonga Fighter began the quest for the
                  | Orb.
     0 | D:1      | Reached XP level 1. HP: 19/19 MP: 1/1
   172 | D:1      | Reached XP level 2. HP: 25/25 MP: 2/2
   196 | D:1      | Reached skill level 3 in Maces & Flails
  1010 | D:1      | Found a faded altar of an unknown god.
  1021 | D:1      | Reached XP level 3. HP: 29/31 MP: 3/3
  1558 | D:2      | Reached skill level 4 in Maces & Flails
  1658 | D:2      | Found a shimmering altar of Xom.
  1689 | D:2      | Reached XP level 4. HP: 36/37 MP: 4/4
  2353 | D:3      | Noticed Ijyb
  3143 | D:3      | Found a shimmering blue altar of Sif Muna.
  3143 | D:3      | Found a glowing golden altar of the Shining One.
  3285 | D:3      | Killed Ijyb
  3286 | D:3      | Reached skill level 5 in Maces & Flails
  3626 | D:4      | Noticed Menkaure
  3629 | D:4      | Slain by Menkaure

Illustrated notes

Levels and vault maps discovered:
D:1:      lemuel_arrival_cross, layout_loops_corners,
          shapermc_ecumenical_altar_notcrosses
D:2:      layout_basic, basic_altar
D:3:      layout_loops_cross, gammafunk_temple_overflow_elements, st_stairs_5,
          uniq_ijyb
D:4:      layout_cave_pools, uniq_menkaure

Skill      XL: |  1  2  3  4 |
---------------+-------------+-----
Maces & Flails | 3 4 5 |  5.2
Fighting       | |  3.0
Armour         | |  2.4
Shields        | |  2.4

Action                   |  1- 3 |  4- 6 || total
-------------------------+-------+-------++-------
Melee: Flail             |   103 |    79 ||   182
       Tailslap          |    14 |     7 ||    21
       Unarmed           |       |    19 ||    19
Throw: Javelin           |       |     2 ||     2
 Abil: Rolling Charge    |    19 |    18 ||    37
  Use: Scroll            |       |     4 ||     4
       Potion            |       |     1 ||     1
 Stab: Confused          |       |     2 ||     2
Armor: Scale mail        |    64 |     4 ||    68
       Ring mail         |       |    39 ||    39
       Skin              |       |     5 ||     5
Dodge: Dodged            |    41 |    48 ||    89
Block: Buckler           |    18 |    17 ||    35

Table legend: (Time is in decaauts)
 A = Elapsed time spent in this place.
 B = Non-inter-level travel time spent in this place.
 C = Inter-level travel time spent in this place.
 D = Time resting spent in this place.
 E = Time spent auto-exploring this place.
 F = Levels seen in this place.
 G = Mean time per level.
                   A        B        C        D        E       F      G
               +--------+--------+--------+--------+--------+-----+--------+
         Total |   3661 |   3357 |    304 |   1034 |   1449 |   4 |  915.2 |
       Dungeon |   3661 |   3357 |    304 |   1034 |   1449 |   4 |  915.2 |
               +--------+--------+--------+--------+--------+-----+--------+

Top non-repeatable levels by time:
     D:1: 1473 daAuts
     D:3: 1155 daAuts
     D:2: 1010 daAuts
     D:4: 22 daAuts
